 Dungeon Crawl Stone Soup version 0.02-206-g49c0823 (webtiles) character file.

Game seed: 8254184888150801375, levelgen mode: deterministic

1203 Kalegnar the Thaumaturge (level 8, 0/5 HPs) Mummified Fairy. Began on Nov 7, 2020. Was a Follower of Qazlal. Slain by a guardian mummy ... wielding a cursed +3 short sword of caustic ooze {(Curse: Fragile)} (1 damage) ... on level 3 of the Dungeon. The game lasted 00:20:49 (2479 turns).

Kalegnar the Thaumaturge (Fairy Mummy)              Turns: 2479, Time: 00:20:50

Health: 0/5        AC:  0    Str:  4    XL:     8 ^: 1079
Magic:  4/4        EV: 31    Int: 20    God:    Qazlal [1* [30]]
Gold:   214        SH:  1    Dex: 21    Spells: 12/24 levels left

rFire    x . .     Vision   .   a - ring of dexterity
rCold    + . .     Gourm    .
rNeg     + + +     Faith    .
rPois    ∞         Spirit   .
rElec    .         Reflect  .
rCorr    .         Harm     .
MR       +....
Stlth    +.........
HPRegen  0.11/turn
MPRegen  0.14/turn

@: flying, very slightly contaminated, glowing, skeletal uprising, slow
A: tiny, no armour or weapons, only one jewelry slot, no melee attacks, fairy
magic, fairy shield, fairy light, decreased potion and divine healing, cold
resistance 1, negative energy resistance 3, slowness 1, torment resistance,
unbreathing, heat vulnerability 1, in touch with death 1, able to fly,
insubstantial
a: Stop Flying, End Uprising, Renounce Religion


You were on level 3 of the Dungeon.
You worshipped Qazlal.
Qazlal was aware of your devotion.
You were not hungry.

You visited 1 branch of the dungeon, and saw 3 of its levels.

You collected 214 gold pieces.

Inventory:

Jewellery
 a - a ring of dexterity (around core)
 h - an uncursed ring of slaying
Scrolls
 b - 2 scrolls of enchantment
 c - a scroll of teleportation
 d - a scroll of silence
 e - a scroll of vulnerability
 f - a scroll of immolation
 g - a scroll of blinking


   Skills:
 - Level 6.1 Dodging
 - Level 1.3 Stealth
 + Level 8.6 Spellcasting
 + Level 8.1 Necromancy
 - Level 1.1 Fire Magic


You had 12 spell levels left.
You knew the following spells:

 Your Spells              Type           Power        Failure   Level  Hunger
a - Pain                  Hex/Necr       25 (25)      1%          1    N/A
b - Foxfire               Fire           13 (25)      4%          1    N/A
c - Vampiric Draining     Necr           57 (200)     1%          3    N/A
d - Pryten's Skeletal Up  Chrm/Necr      37 (200)     4%          3    N/A
e - Animate Dead          Necr           N/A          2%          4    N/A

Your spell library contained the following spells:

 Spells                   Type           Power        Failure   Level  Hunger
 Regeneration             Chrm/Necr      Unusable     N/A         3    N/A

Dungeon Overview and Level Annotations

Branches:
Dungeon (3/8)

Altars:
Dithmenos
Qazlal

Shops:
D:2 [(*}


Innate Abilities, Weirdness & Mutations

You are too small to use any gear.
You can wear a single ring or amulet completely around your body.
You are incapable of melee of any kind.
Your magic reserves are extremely low but spells that normally cost one mana are free and all other spells cost one mana.
You are extremely frail but all attacks that strike you do exactly one damage.
You exude a bright light in a small radius around yourself.
The effect of potions and godly healing effects is reduced to match your tiny health and magic reserves.
You are immune to poison.
You are cold resistant. (rC+)
You are immune to negative energy. (rN+++)
You cover ground slowly.
You are immune to unholy pain and torment.
You can survive without breathing.
You are vulnerable to heat. (rF-)
You are in touch with the powers of death.
You can fly continuously.
Your insubstantial form boosts your evasion and grants immunity to sticky flames, nets and constriction.


Message History

You are splashed with acid.
The foxfire hits the guardian mummy but does no damage (0).
The guardian mummy is moderately damaged. (37/49) HP The foxfire hits the guardian mummy (4).
The guardian mummy is moderately damaged. (33/49) HP The guardian mummy hits you with a cursed +3 short sword of caustic ooze {(Curse: Fragile)} (11)!
* * * LOW HITPOINT WARNING * * *
You are splashed with acid.
The guardian mummy closely misses you (0).
Casting: Foxfire (safe; 4% risk of failure)
Confirm with . or Enter, or press ? or * to list all spells.
Aiming: Vampiric Draining (safe; 1% risk of failure)
Press: ? - help, Shift-Dir - straight line, f - guardian mummy
Aim: a guardian mummy, wielding a cursed +3 short sword of caustic ooze {(Curse: Fragile)} (moderately damaged (33/49), haloed)
You feel a surge of power!
You can't drain life from that!
Casting: Vampiric Draining (safe; 1% risk of failure)
Confirm with . or Enter, or press ? or * to list all spells.
You conjure some foxfire!
The guardian mummy hits you with a cursed +3 short sword of caustic ooze {(Curse: Fragile)} (4).
You die...

#.... ##... #####
###### #.... #.....##
#.... ###$.. ..#
##... #....###.##
##### #..8§8*...#
#.... #....@.#..#
#.... ###.M*###.#
######...
#..M..##.####...##...
#8...8#.........#....
#.....#..###....##...
#8.8[8#.## ##..]##...
#.....### ##...##...
#8...8# #....#....
#.....# #....#....


You could see 2 guardian mummies.

Vanquished Creatures
  3 crocodiles (D:2)
  Blork the orc (D:3)
  A big kobold (D:2)
  A bullfrog (D:2)
  A hound (D:3)
  2 jellies (D:2)
  An iguana (D:3)
  2 orc wizards (D:3)
  2 worker ants (D:3)
  7 giant cockroaches
  2 porcupine zombies (D:3)
  5 adders
  28 sewer rats (D:2)
  10 cinder newts
  5 worms (D:2)
  A giant cockroach zombie (D:3)
  5 oozes (D:2)
  A dart slug (D:1)
  A leopard gecko (D:1)
  An orc (D:3)
  An adder zombie (D:3)
  4 bats
  A cinder newt skeleton (D:2)
  2 goblins (D:1)
  2 hobgoblins (D:1)
  5 ball pythons (D:2)
  A bat skeleton (D:2)
  2 goblin skeletons (D:2)
  6 kobolds
  3 kobold skeletons (D:2)
  2 leopard gecko zombies (D:3)
  A quokka skeleton (D:2)
  5 rats
  A withered plant (D:2)
116 creatures vanquished.

Vanquished Creatures (collateral kills)
  A worker ant (D:3)
  3 sewer rats (D:2)
  An adder skeleton (D:2)
  A cinder newt skeleton (D:2)
  A kobold skeleton (D:2)
  3 withered plants (D:2)
10 creatures vanquished.

Vanquished Creatures (others)
  A worm (D:2)
  3 kobolds (D:2)
  221 foxfires
  159 withered plants (D:2)
384 creatures vanquished.

Grand Total: 510 creatures vanquished

Notes
Turn   | Place    | Note
-------+----------+-------------------------------------------
     0 | D:1      | Kalegnar the Fairy Mummy began the quest for the Orb.
     0 | D:1      | Reached XP level 1. HP: 3/3 MP: 3/3
    23 | D:1      | Reached XP level 2. HP: 3/3 MP: 3/3
    81 | D:1      | Reached XP level 3. HP: 4/4 MP: 3/3
   361 | D:1      | Reached XP level 4. HP: 4/4 MP: 3/3
   571 | D:2      | Learned a level 3 spell: Vampiric Draining
   575 | D:2      | Learned a level 3 spell: Pryten's Skeletal Uprising
   590 | D:2      | Reached skill level 5 in Dodging
   600 | D:2      | Found Jeffea's Gadget Emporium.
   674 | D:2      | Reached XP level 5. HP: 4/4 MP: 3/3
   778 | D:2      | Reached skill level 5 in Spellcasting
   790 | D:2      | Reached skill level 5 in Necromancy
   803 | D:2      | Reached XP level 6. HP: 5/5 MP: 3/3
   809 | D:2      | Learned a level 4 spell: Animate Dead
   919 | D:2      | Found Javos's General Store.
   998 | D:2      | Reached XP level 7. HP: 5/5 MP: 2/3
  1167 | D:2      | Found Odeoneh's Antique Armour Shoppe.
  1201 | D:2      | Found Qoghor's Weapon Shoppe.
  1505 | D:2      | Found a shadowy altar of Dithmenos.
  1733 | D:2      | Found a stormy altar of Qazlal.
  1736 | D:2      | Became a worshipper of Qazlal Stormbringer
  2128 | D:3      | Reached XP level 8. HP: 4/5 MP: 4/4
  2179 | D:3      | Noticed Blork the orc
  2191 | D:3      | Killed Blork the orc
  2465 | D:3      | Reached * piety under Qazlal
  2479 | D:3      | Slain by a guardian mummy

Levels and vault maps discovered:
D:1:      grunt_arrival_lava_bath, layout_basic
D:2:      layout_sewer, nicolae_overflow_crystal_walls, kennysheep_mini_moat,
          first_ration, serial_shops, shop, shop, shop,
          nicolae_shop_statue_plus, minmay_strange_pillars
D:3:      minmay_ossuary_gauntlet, layout_gridville, uniq_blork_the_orc,
          uniq_ijyb

Skill      XL: |  1  2  3  4  5  6  7  8 |
---------------+-------------------------+-----
Spellcasting   | 3 4 5 6 8 |  8.6
Necromancy     | 4 5 7 8 |  8.1
Dodging        | 5 6 |  6.1
Stealth        | |  1.3
Fire Magic     | |  1.1

Action                   |  1- 3 |  4- 6 |  7- 9 || total
-------------------------+-------+-------+-------++-------
 Cast: Pain              |    20 |   111 |   158 ||   289
       Foxfire           |     9 |    49 |    68 ||   126
       Pryten's Skeletal |       |     1 |       ||     1
       Vampiric Draining |       |     1 |     2 ||     3
       Animate Dead      |       |       |     1 ||     1
 Abil: Fly               |     1 |       |       ||     1
Dodge: Dodged            |     4 |    83 |   189 ||   276
